cohdb
Replays
Latest Replays
All Replays
Popular Replays
Top Player Replays
Match Explorer
How It Works
Community
CoH3 Stats
Reddit
Sign in to upload your games and track your stats! →
Sign in with Steam
Match 39544263
Unlisted
Match 39544263
Overview
Messages
Build Orders
End
Royal Engineer Section
Selects Canadian Shock Battlegroup
Construct Section Command Post
Infantry Section
Infantry Section
Vickers Machine Gun Team
Grenade Package
Selects Attacking Spirit
Selects Canadian Shock Section
Canadian Shock Section
Construct Platoon Command Post
Selects Incendiary Munitions
Selects Incendiary Munitions
Humber Armored Car
6-pounder Anti-tank Gun Team
Selects Pyrotechnics
Construct Company Command Post
Unlock M3 Grant Medium Tanks
M3 Grant Medium Tank
Selects Demolition Engineering
Demolition Engineering
M3 Grant Medium Tank
BIOHAZARD
=BIA=Daghito
demenza058
Giovanni
Prof.Dr.Space Commander Weed
LuckyStrikeMan_Return
IntotheContent
qlehfdl2gh
0
0
Comments
sign in to comment!
No comments posted yet!